cohdb
Replays
Latest Replays
All Replays
Popular Replays
Top Player Replays
Match Explorer
How It Works
Community
CoH3 Stats
Reddit
Sign in to upload your games and track your stats! →
Sign in with Steam
Match 39852312
Unlisted
Match 39852312
Overview
Messages
Build Orders
End
Construct Infanterie Kompanie
Grenadier Squad
MG 42 Machine Gun Team
Grenadier Squad
Construct Panzergrenadier Kompanie
Panzergrenadier Squad
Panzergrenadier Squad
Medical Bunker
Support Elements
Nebelwerfer 42 Rocket Launcher Team
Construct Panzer Kompanie
Selects Breakthrough Battlegroup
Selects Rapid Production
Selects Blitzkrieg
Sturmpanzer IV Brummbär
Pak 40 Anti-tank Gun Team
Panzer IV Medium Tank
Stoßtruppen Squad
Panzer Officer Quarters
Nebelwerfer 42 Rocket Launcher Team
Stoßtruppen Squad
Selects Tiger Heavy Tank
Tiger Heavy Tank
Selects Assault Grenadiers
Selects Smoke Bombing Run
insane
Raul Mayer ✠
Katunar
OOOY
StriderRx
rich
Dream Migi
BlackJackKing
0
0
Comments
sign in to comment!
No comments posted yet!